 Dungeon Crawl Stone Soup version 0.21.1-1-g345015f (webtiles) character file.

0 xccam the Thaumaturge (level 1, -4/13 HPs)
             Began as a Gnoll Wanderer on Mar 10, 2018.
             Slain by a leopard gecko (5 damage)
             ... on level 1 of the Dungeon.
             The game lasted 00:01:54 (25 turns).

xccam the Thaumaturge (Gnoll Wanderer)                Turns: 25, Time: 00:01:54

Health: -4/13      AC:  2    Str: 13    XL:     1   Next: 10%
Magic:  8/10       EV:  8    Int: 14    God:
Gold:   0          SH:  8    Dex: 15    Spells: 16/18 levels left

rFire    . . .     SeeInvis .   e - +0 dagger
rCold    . . .     Gourm    .   a - +0 shield
rNeg     . . .     Faith    .   d - +0 robe
rPois    .         Spirit   .   (no helmet)
rElec    .         Reflect  .   (no cloak)
rCorr    .         Harm     .   (no gloves)
MR       .....                  (no boots)
Stlth    +.........             (no amulet)
HPRegen  0.04/turn              (no ring)
MPRegen  0.12/turn              (no ring)

@: very slightly contaminated
A: distributed training, fangs 1, strong nose
a: no special abilities


You were on level 1 of the Dungeon.
You were not hungry.

You visited 1 branch of the dungeon, and saw 1 of its levels.

Inventory:

Hand Weapons
 e - a +0 dagger (weapon)
Armour
 a - a +0 shield (worn)
 d - a +0 robe (worn)
Books
 b - Wasoij's Disquisition on Toxins

   Spells                             Type                      Level
   a - Sting                          Conjuration/Poison           1
   b - Spider Form                    Transmutation/Poison         3
 c - the Almanac of Evil Magic

   Spells                             Type                      Level
   a - Animate Skeleton               Necromancy                   1
   b - Vampiric Draining              Necromancy                   3
Comestibles
 f - a ration


   Skills:
 + Level 0.0 Fighting
 + Level 0.0 Short Blades
 + Level 0.0 Long Blades
 + Level 0.0 Axes
 + Level 0.0 Maces & Flails
 + Level 0.0 Polearms
 + Level 0.0 Staves
 + Level 0.0 Slings
 + Level 0.0 Bows
 + Level 0.0 Crossbows
 + Level 2.3 Throwing
 + Level 0.0 Armour
 + Level 0.0 Dodging
 + Level 0.0 Stealth
 + Level 2.3 Shields
 + Level 0.0 Unarmed Combat
 + Level 9.2 Spellcasting
 + Level 0.0 Conjurations
 + Level 0.0 Hexes
 + Level 1.9 Charms
 + Level 0.0 Summonings
 + Level 0.0 Necromancy
 + Level 3.6 Translocations
 + Level 0.0 Transmutations
 + Level 0.0 Fire Magic
 + Level 1.9 Ice Magic
 + Level 0.0 Air Magic
 + Level 0.0 Earth Magic
 + Level 0.0 Poison Magic
 + Level 0.0 Invocations
 + Level 0.0 Evocations


You had 16 spell levels left.
You knew the following spells:

 Your Spells              Type           Power        Failure   Level  Hunger
a - Sting                 Conj/Pois      #...         52%         1    None
b - Animate Skeleton      Necr           N/A          52%         1    None


Dungeon Overview and Level Annotations

Branches:
Dungeon (1/15)

Altars:


Innate Abilities, Weirdness & Mutations

Your experience applies equally to all skills.
You have very sharp teeth.
Your uncanny sense of smell can sniff out nearby items.


Message History

Casting: Sting
Confirm with . or Enter, or press ? or * to list all spells.
Aiming: Sting
Press: ? - help, Shift-Dir - straight line, f/p - goblin
Aim: a goblin (moderately wounded)
You miscast Sting.
You are very lightly contaminated with residual magic.
Wisps of poison gas drift from your hands.
You block the leopard gecko's attack. The leopard gecko bites you.
* * * LOW HITPOINT WARNING * * *
You aren't carrying any potions.
Okay, then.
You barely miss the leopard gecko.
The leopard gecko is heavily wounded.
You block the leopard gecko's attack.
You hit the leopard gecko.
The leopard gecko is severely wounded.
The leopard gecko bites you.
You die...

#.#..# #.#..#
#.#..# #.#..#
#.#..##
#.#...##
#.#....#
#@'.<..+
#l#....#
#######r#...##
.......g#..##
........#..#
........#..#
...w....#..#
....[...#..#
........#


You could see a leopard gecko, a goblin and a rat.

Vanquished Creatures
  A bat (D:1)
1 creature vanquished.

Notes
Turn   | Place    | Note
-------+----------+-------------------------------------------
     0 | D:1      | Reached skill level 9 in Spellcasting
     0 | D:1      | xccam the Gnoll Wanderer began the quest for the Orb.
     0 | D:1      | xccam set off with: a +0 shield, Wasoij's Disquisition on Toxins, the Almanac of Evil Magic, a +0 robe, a +0 dagger, a ration
     0 | D:1      | Reached XP level 1. HP: 13/13 MP: 10/10
     0 | D:1      | Identified Wasoij's Disquisition on Toxins
     0 | D:1      | Identified the Almanac of Evil Magic
     2 | D:1      | Learned a level 1 spell: Sting
     5 | D:1      | Learned a level 1 spell: Animate Skeleton
    25 | D:1      | Slain by a leopard gecko

Skill      XL: | |
---------------+-+-----
Spellcasting   | |  9.2
Throwing       | |  2.3
Shields        | |  2.3
Charms         | |  1.9
Translocations | |  3.6
Ice Magic      | |  1.9

Action                   || total
-------------------------++-------
Melee: Dagger            ||    10
 Cast: Sting             ||     2
Armor: Robe              ||     1
Dodge: Dodged            ||     5
Block: Shield            ||     6
